 Dungeon Crawl Stone Soup version 0.21-a0-150-gc243083 (webtiles) character file.

1928 drasked the Grappler (level 8, -3/81 HPs)
             Began as a Troll Monk on July 27, 2017.
             Slain by Leszczynek's ghost (26 damage)
             ... in a bailey.
             The game lasted 00:06:51 (3717 turns).

drasked the Grappler (Troll Monk)                   Turns: 3717, Time: 00:06:52

Health: -3/81      AC:  5    Str: 22    XL:     8   Next: 96%
Magic:  7/7        EV: 12    Int:  9    God:
Gold:   260        SH:  0    Dex: 12    Spells: 7/7 levels left

rFire    . . .     SeeInvis .     - Unarmed
rCold    . . .     Gourm    +   (no shield)
rNeg     . . .     Faith    .   a - +0 robe
rPois    .         Spirit   .   (helmet restricted)
rElec    .         Reflect  .   (no cloak)
rCorr    .         Harm     .   (gloves unavailable)
MR       .....                  (boots unavailable)
Stlth    +.........             (no amulet)
HPRegen  0.63/turn              j - +3 ring of intelligence (curse)
MPRegen  0.10/turn              (no ring)

@: drained
A: unfitting armour, claws 3, fast metabolism 3, gourmand, regeneration 1,
shaggy fur 1, tough skin 2
a: no special abilities


You were in a bailey.
You were very full.

You visited 2 branches of the dungeon, and saw 8 of its levels.
You also visited: Bailey.

You collected 260 gold pieces.

Inventory:

Missiles
 x - 6 curare-tipped needles
Armour
 a - a +0 robe (worn)
Magical Staves
 o - an uncursed staff of death {unknown}
   (You found it on level 4 of the Dungeon)
 u - an uncursed staff of power {unknown}
   (You found it on level 5 of the Dungeon)
Jewellery
 j - a cursed +3 ring of intelligence (left claw)
   (You found it on level 2 of the Dungeon)
 s - an uncursed amulet of faith {unknown}
   (You found it on level 5 of the Dungeon)
Wands
 n - a wand of flame (17/48)
   (You found it on level 3 of the Dungeon)
Scrolls
 c - a scroll of teleportation {unknown}
 d - 2 scrolls of magic mapping {unknown}
 e - 5 scrolls of identify {unknown}
 h - 2 scrolls of remove curse {unknown}
 i - a scroll of amnesia {unknown}
 m - a scroll of random uselessness {unknown}
 q - 2 scrolls of enchant weapon {unknown}
Potions
 f - a potion of flight {unknown}
 k - a potion of haste {unknown}
 l - a potion of brilliance {unknown}
 p - a potion of curing {unknown}
 w - 2 potions of degeneration {unknown}
Books
 t - a book of Battle
   (You found it on level 5 of the Dungeon)
Comestibles
 b - 4 bread rations {@e1}
 g - 5 meat rations {@e2}
 r - 2 royal jellies
 v - 5 chunks of flesh {@w0}


   Skills:
 + Level 5.5(5.1) Fighting
 + Level 5.1(4.7) Dodging
 - Level 1.0(0.7) Stealth
 * Level 9.0(8.6) Unarmed Combat


You had 7 spell levels left.
You didn't know any spells.

Dungeon Overview and Level Annotations

Branches:
Dungeon (6/15)             Temple (1/1) D:5

Altars:
Ashenzari
Cheibriados
Dithmenos
Elyvilon
Fedhas
Hepliaklqana
Kikubaaqudgha
Makhleb
Nemelex Xobeh
Okawaru
Qazlal
Ru
Sif Muna
Trog
Uskayaw
Vehumet
Wu Jian
Xom
Yredelemnul
Zin
The Shining One

Annotations:
Bailey Leszczynek's ghost, novice TrSk


Innate Abilities, Weirdness & Mutations

You are too large for most types of armour.
You have claws for hands.
Your metabolism is lightning-fast.
You like to eat raw meat.
Your natural rate of healing is unusually fast.
You are covered in fur. (AC +1)
You have very tough skin. (AC +2)


Message History

You claw the wight! The wight closely misses you.
The wight hits you but does no damage.
You scratch the wight but do no damage. The wight hits you but does no damage.
The wight hits you with an enchanted halberd!
You feel drained.
You take 17 damage, and have 64/81 hp.
MASSIVE DAMAGE!!
You fall through a shaft for 3 floors!
The shaft crumbles and collapses.
You hear the roar of battle.
There is an entrance to a bailey on this level.
Hurry and find it before the portal closes forever!
b - 4 bread rations {@e1} (gained 1)
You regained 2 hp, and now have 72/81 hp.
Found a hand axe.
Found a flagged portal.
Health restored: 81 You see here a hand axe.
e - 5 scrolls labeled JESTYCOVV LITALY (gained 1)
You see here 16 stones.
You see here a hand axe.
There is a flagged portal here.
The world spins around you as you enter the gateway.
You enter a bailey!
Found a gate leading back out of this place.
There is an empty arch of ancient stone here.
You open the gate.
A kobold comes into view.
The kobold shouts!
The kobold throws a tomahawk of returning.
The tomahawk of returning closely misses you.
The weapon returns to the kobold!
The kobold throws a tomahawk of returning.
The tomahawk of returning misses you.
The weapon returns to the kobold!
The kobold throws a tomahawk of returning.
The tomahawk of returning barely misses you.
The weapon returns to the kobold!
There is an open gate here.
The kobold throws a tomahawk of returning.
The tomahawk of returning hits you.
You see here a tomahawk of returning.
You take 5 damage, and have 76/81 hp.
The kobold closely misses you.
The kobold shouts!
You claw the kobold!
You kill the kobold!
The kobold throws a tomahawk of returning.
The tomahawk of returning hits you but does no damage.
The weapon returns to the kobold!
The kobold throws a tomahawk of returning.
The tomahawk of returning hits you but does no damage.
The weapon returns to the kobold!
The kobold throws a tomahawk of returning.
The tomahawk of returning barely misses you.
The weapon returns to the kobold!
The kobold throws a tomahawk of returning.
The tomahawk of returning closely misses you.
The weapon returns to the kobold!
Leszczynek's ghost (novice Troll Skald) comes into view.
The kobold throws a tomahawk of returning.
The tomahawk of returning misses you.
The weapon returns to the kobold!
The kobold throws a tomahawk of returning.
The tomahawk of returning barely misses you.
The kobold throws a tomahawk of returning.
The tomahawk of returning barely misses you.
The weapon returns to the kobold!
Some of the chunks of flesh in your inventory have rotted away.
You see here a tomahawk of returning.
The kobold throws a tomahawk of returning.
The tomahawk of returning closely misses you.
The weapon returns to the kobold!
There is an open gate here.
Health restored: 81
There is a gate leading back out of this place here.
There is an open gate here.
The kobold throws a tomahawk of returning.
The tomahawk of returning misses you.
You see here a tomahawk of returning.
There is an open gate here.
Leszczynek's ghost turns its malevolent gaze towards you.
You hear a shout!
You mangle Leszczynek's ghost!! Leszczynek's ghost barely misses you.
You miss Leszczynek's ghost. Leszczynek's ghost barely misses you.
You claw Leszczynek's ghost! Leszczynek's ghost barely misses you.
You closely miss Leszczynek's ghost.
Leszczynek's ghost says, "You will join me soon!"
Leszczynek's ghost barely misses you.
You miss Leszczynek's ghost. Your claw misses Leszczynek's ghost.
Leszczynek's ghost hits you!!
You take 26 damage, and have 55/81 hp.
MASSIVE DAMAGE!!
You miss Leszczynek's ghost. You claw Leszczynek's ghost!
Leszczynek's ghost hits you!!
You take 26 damage, and have 29/81 hp.
MASSIVE DAMAGE!!
You closely miss Leszczynek's ghost. Leszczynek's ghost hits you!
* * * LOW HITPOINT WARNING * * *
You take 7 damage, and have 22/81 hp.
You miss Leszczynek's ghost.
Leszczynek's ghost completely misses you.
You miss Leszczynek's ghost. Leszczynek's ghost hits you!!
You die...

+≈≈.......≈≈KK
#≈≈.......≈≈###
+≈≈.......≈≈K.+
#≈≈.......≈≈#
#≈....(..≈#
####...####
#(((# ##''W##
##..∩.@##
#.......#
#...∩...#
##.....##
#######


You could see Leszczynek's ghost.

Vanquished Creatures
  The ghost of drasked the Ruffian, an amateur TrMo (D:4)
  The ghost of nikopol the Magician, a novice DEFE of Sif Muna (D:5)
  Grinder (D:6)
  A sky beast (D:5)
  An orc warrior (D:6)
  2 ice beasts
  A phantom (D:5)
  An ogre (D:5)
  2 centaurs (D:6)
  A bullfrog (D:6)
  A howler monkey (D:6)
  2 hounds
  A centaur skeleton (D:6)
  2 orc wizards (D:6)
  3 worker ants
  2 hound skeletons (D:5)
  3 gnolls (D:5)
  10 adders
  An ooze (D:2)
  3 worms
  4 dart slugs
  2 leopard geckos
  16 orcs
  A ball python (D:1)
  7 bats
  2 giant cockroaches
  11 goblins
  8 hobgoblins
  6 jackals (D:1)
  7 kobolds
  2 quokkas
  3 frilled lizards
  A quokka skeleton (D:5)
  5 rats
115 creatures vanquished.

Notes
Turn   | Place    | Note
-------+----------+-------------------------------------------
     0 | D:1      | drasked the Troll Monk began the quest for the Orb.
     0 | D:1      | Reached XP level 1. HP: 22/22 MP: 0/0
   203 | D:1      | Reached XP level 2. HP: 29/29 MP: 1/1
   240 | D:1      | HP: 7/29 [goblin/dagger (3)]
   324 | D:1      | Reached XP level 3. HP: 27/36 MP: 2/2
   665 | D:2      | Reached skill level 3 in Fighting
   668 | D:2      | Reached skill level 4 in Unarmed Combat
   787 | D:2      | Reached XP level 4. HP: 43/45 MP: 3/3
  1277 | D:3      | Reached XP level 5. HP: 53/53 MP: 4/4
  1578 | D:3      | Found an ornate altar of the Wu Jian Council.
  1578 | D:3      | Found a deep blue altar of Sif Muna.
  1823 | D:3      | Reached skill level 3 in Dodging
  1848 | D:4      | Reached skill level 5 in Unarmed Combat
  1868 | D:4      | Noticed drasked's ghost (amateur TrMo)
  2020 | D:4      | HP: 10/53 [drasked's ghost (17)]
  2023 | D:4      | HP: 3/53 [drasked's ghost (7)]
  2025 | D:4      | Killed drasked's ghost
  2025 | D:4      | Reached XP level 6. HP: 5/62 MP: 5/5
  2169 | D:4      | Noticed an ice beast
  2176 | D:4      | Killed an ice beast
  2176 | D:4      | Reached skill level 6 in Unarmed Combat
  2246 | D:4      | Reached XP level 7. HP: 68/68 MP: 6/6
  2264 | D:5      | Entered Level 5 of the Dungeon
  2264 | D:5      | Noticed nikopol's ghost (novice DEFE)
  2272 | D:5      | Killed nikopol's ghost
  2272 | D:5      | Reached skill level 4 in Fighting
  2272 | D:5      | Reached skill level 4 in Dodging
  2276 | D:5      | Reached skill level 7 in Unarmed Combat
  2470 | D:5      | Found a staircase to the Ecumenical Temple.
  2480 | Temple   | Entered the Ecumenical Temple
  2810 | D:5      | Reached XP level 8. HP: 79/79 MP: 7/7
  2894 | D:5      | Found a shadowy altar of Dithmenos.
  3367 | D:6      | Reached skill level 5 in Fighting
  3367 | D:6      | Reached skill level 8 in Unarmed Combat
  3423 | D:6      | Noticed Grinder
  3432 | D:6      | Killed Grinder
  3527 | D:6      | Reached skill level 5 in Dodging
  3545 | D:6      | Reached skill level 9 in Unarmed Combat
  3647 | D:6      | You fall through a shaft for 3 floors!
  3670 | D:9      | Found a flagged portal.
  3683 | Bailey   | Entered a bailey
  3697 | Bailey   | Noticed Leszczynek's ghost (novice TrSk)
  3717 | Bailey   | Slain by Leszczynek's ghost

Vault maps used:
D:1:      saegor_arrival_under_anarchy, serial_bayou_lagoon_a,
          minmay_pentomino_w2
D:2:      first_bread, minmay_cupped
D:3:      amethyst_overflow_temple_binary, hex_medium
D:4:      uniq_blork_the_orc
D:5:      lemuel_coloured_pillars_altar, temple_green
D:6:      nrook_mini_backslash, uniq_grinder
D:9:      nicolae_gozag_cash_rules_everything_around_me, zombieorc1_lemuel,
          serial_co_window_serial, co_window_paths_a, co_window_paths_b,
          co_window_corner_a, co_window_corner_a, co_window_paths_a,
          co_window_paths_a, co_window_corner_a, co_window_paths_c,
          co_window_broadway_c, co_window_broadway_a, co_window_4corner_b,
          co_window_paths_d, glass_columns_c, glass_columns_b, enter_bailey_2,
          serial_shops, shop, uniq_erica
Temple:   hc_temple_tempest_star
Bailey:   bailey_axe_3, bailey

Skill      XL: |  1  2  3  4  5  6  7  8 |
---------------+-------------------------+-----
Fighting       | 3 4 5 |  5.5
Unarmed Combat | 4 5 6 7 9 |  9.0
Dodging        | 3 4 5 |  5.1
Stealth        | |  1.0

Action                   |  1- 3 |  4- 6 |  7- 9 || total
-------------------------+-------+-------+-------++-------
Melee: Unarmed           |   101 |   120 |   126 ||   347
       Punch             |     1 |     3 |     3 ||     7
 Stab: Sleeping          |     4 |     2 |     1 ||     7
  Eat: Chunk             |    11 |    14 |    14 ||    39
Armor: Robe              |    74 |    28 |    19 ||   121
Dodge: Dodged            |    93 |    46 |    72 ||   211

Vault maps used:
D:1:      saegor_arrival_under_anarchy, serial_bayou_lagoon_a,
          minmay_pentomino_w2
D:2:      first_bread, minmay_cupped
D:3:      amethyst_overflow_temple_binary, hex_medium
D:4:      uniq_blork_the_orc
D:5:      lemuel_coloured_pillars_altar, temple_green
D:6:      nrook_mini_backslash, uniq_grinder
D:9:      nicolae_gozag_cash_rules_everything_around_me, zombieorc1_lemuel,
          serial_co_window_serial, co_window_paths_a, co_window_paths_b,
          co_window_corner_a, co_window_corner_a, co_window_paths_a,
          co_window_paths_a, co_window_corner_a, co_window_paths_c,
          co_window_broadway_c, co_window_broadway_a, co_window_4corner_b,
          co_window_paths_d, glass_columns_c, glass_columns_b, enter_bailey_2,
          serial_shops, shop, uniq_erica
Temple:   hc_temple_tempest_star
Bailey:   bailey_axe_3, bailey

Table legend:
 A = Turns spent in this place as a percentage of turns spent in the entire game.
 B = Non-inter-level travel turns spent in this place as a percentage of non-inter-level travel turns spent in the entire game.
 C = Inter-level travel turns spent in this place as a percentage of turns spent in this place.
 D = Turns resting spent in this place as a percentage of non-inter-level travel turns spent in this place.
 E = Turns spent auto-exploring this place as a percentage of non-inter-level travel turns spent in this place.
 F = Non-inter-level travel turns spent in this place divided by the number of levels of this place that you've seen.
                   A       B       C       D       E      F
               +-------+-------+-------+-------+-------+----------------------
         Total | 100.0 | 100.0 |   0.5 |   1.3 |   9.5 | 169.2
       Dungeon |  95.4 |  95.5 |   0.4 |   1.4 |   8.7 | 207.7
        Temple |   2.4 |   2.3 |   2.8 |   0.0 |  48.6 |  35.0
        Bailey |   2.2 |   2.2 |   0.0 |   0.0 |   0.0 |  34.0
               +-------+-------+-------+-------+-------+----------------------

Table legend:
 A = Kills in this place as a percentage of kills in entire the game.
 B = Kills by you in this place as a percentage of kills by you in the entire game.
 C = Kills by friends in this place as a percentage of kills by friends in the entire game.
 D = Other kills in this place as a percentage of other kills in the entire game.
 E = Experience gained in this place as a percentage of experience gained in the entire game.
 F = Experience gained in this place divided by the number of levels of this place that you have seen.
                   A       B       C       D       E      F
               +-------+-------+-------+-------+-------+----------------------
         Total | 100.0 | 100.0 |  -nan |  -nan | 100.0 | 306.1
       Dungeon |  99.1 |  99.1 |  -nan |  -nan | 100.0 | 393.4
        Bailey |   0.9 |   0.9 |  -nan |  -nan |   0.0 |   1.0
               +-------+-------+-------+-------+-------+----------------------
